 Dungeon Crawl Stone Soup version 0.21.0 (webtiles) character file.

775 macho981 the Cleaver (level 7, 0/93 HPs)
             Began as a Minotaur Berserker on Jan 6, 2018.
             Was an Elder of Trog.
             Slain by a killer bee (7 damage)
             ... on level 5 of the Dungeon.
             The game lasted 00:14:48 (3005 turns).

macho981 the Cleaver (Minotaur Berserker)           Turns: 3005, Time: 00:14:49

Health: 0/93       AC:  9    Str: 28    XL:     7   Next: 54%
Magic:  6/6        EV: 10    Int:  4    God:    Trog [****..]
Gold:   169        SH:  0    Dex: 10    Spells: 6/6 levels left

rFire    . . .     SeeInvis .   a - +0 hand axe
rCold    . . .     Gourm    .   (no shield)
rNeg     . . .     Faith    .   n - +0 chain mail
rPois    .         Spirit   .   (helmet restricted)
rElec    .         Reflect  .   (no cloak)
rCorr    .         Harm     .   (no gloves)
MR       .....                  (no boots)
Stlth    ..........             (no amulet)
HPRegen  0.25/turn              w - ring of stealth
MPRegen  0.10/turn              (no ring)

@: berserking, lethally poisoned (0 -> 0), very quick
A: retaliatory headbutt, horns 2
a: Berserk, Trog's Hand, Brothers in Arms, Burn Spellbooks, Renounce Religion


You were on level 5 of the Dungeon.
You worshipped Trog.
Trog was greatly pleased with you.
You were very hungry.

You visited 1 branch of the dungeon, and saw 5 of its levels.

You collected 169 gold pieces.

Inventory:

Hand Weapons
 a - a +0 hand axe (weapon)
 q - a cursed -2 halberd
Missiles
 p - 2 tomahawks (quivered)
Armour
 b - a +0 animal skin
 d - a +1 scale mail
 h - a +0 helmet
 n - a +0 chain mail (worn)
Jewellery
 g - an uncursed ring of wizardry
 w - a ring of stealth (left hand)
Wands
 u - a wand of iceblast (11)
Scrolls
 e - 6 scrolls of identify
 f - 5 scrolls of amnesia
 j - a scroll of enchant armour
 m - a scroll of teleportation
 r - a scroll of magic mapping
Potions
 k - a potion of berserk rage {unknown}
 l - 2 potions of ambrosia {unknown}
 o - a potion of degeneration {unknown}
 s - a potion of curing
 t - a potion of magic {unknown}
 v - a potion of lignification {unknown}
Comestibles
 c - 9 rations


   Skills:
 + Level 5.6 Fighting
 + Level 8.0 Axes
 + Level 5.1 Armour
 + Level 3.3 Dodging
 + Level 0.9 Stealth


You had 6 spell levels left.
You didn't know any spells.

Dungeon Overview and Level Annotations

Branches:
Dungeon (5/15)
 Temple: D:4-7

Altars:
Ashenzari
Okawaru
Qazlal
Ru
Sif Muna
Wu Jian


Innate Abilities, Weirdness & Mutations

You reflexively headbutt those who attack you in melee.
You have a pair of horns on your head.


Message History

A killer bee comes into view.
The killer bee buzzes angrily.
The killer bee stings you but does no damage.
A killer bee comes into view.
You are too injured to fight recklessly!
You are too injured to fight recklessly!
You barely miss the killer bee. Your headbutt misses the killer bee.
You feel sick. The killer bee barely misses you.
You slash the killer bee! You headbutt the killer bee.
You kill the killer bee!
Trog accepts your kill.
Your Axes skill increases to level 8!
Your chain mail prevents you from hitting the killer bee.
The killer bee stings you.
* * * LOW HITPOINT WARNING * * *
The killer bee stings you but does no damage.
You hit the killer bee.
The killer bee is moderately wounded.
You hit the killer bee. The killer bee stings you!
You die...

# # # ## # # .. . # . .#
# ## ###### .###.## #
#.###.. ..###.#...###
####.#.######.#yy.%.....
).>............†@# .#
#####.##.#####...##.## #
#.....##........... #
####†...........### #
#.....†...#..... #
#..##.#.#.#.###. #
#..##.#†#.#.# #
#..##...#.# #
#..##.#.#.#


You could see 2 killer bees.

Vanquished Creatures
  An ice beast (D:5)
  An ogre (D:4)
  A scorpion (D:5)
  A killer bee (D:5)
  A crimson imp (D:5)
  2 hounds
  An orc priest (D:3)
  Natasha (thrice) (D:2)
  3 worker ants
  A hound skeleton (D:3)
  7 gnolls
  2 adders (D:3)
  An ooze (D:1)
  2 adder skeletons (D:3)
  4 worms
  4 dart slugs
  A leopard gecko (D:1)
  7 orcs
  13 bats
  4 giant cockroaches
  10 goblins
  9 hobgoblins
  5 jackals (D:1)
  13 kobolds
  4 quokkas
  8 frilled lizards
  A jackal skeleton (D:3)
  A jackal zombie (D:3)
  A leopard gecko skeleton (D:3)
  A quokka skeleton (D:4)
  A quokka zombie (D:3)
  4 rats
118 creatures vanquished.

Vanquished Creatures (others)
  A plant (D:1)
1 creature vanquished.

Grand Total: 119 creatures vanquished

Notes
Turn   | Place    | Note
-------+----------+-------------------------------------------
     0 | D:1      | macho981 the Minotaur Berserker began the quest for the Orb.
     0 | D:1      | Reached XP level 1. HP: 19/19 MP: 0/0
    63 | D:1      | Reached skill level 4 in Axes
    65 | D:1      | Reached XP level 2. HP: 20/27 MP: 1/1
   207 | D:1      | Reached ** piety under Trog
   243 | D:1      | Reached XP level 3. HP: 31/33 MP: 2/2
   781 | D:2      | Found a shattered altar of Ashenzari.
   788 | D:2      | Noticed Natasha
   795 | D:2      | Killed Natasha
   795 | D:2      | Reached skill level 5 in Axes
   795 | D:2      | Reached XP level 4. HP: 21/40 MP: 3/3
  1253 | D:2      | Noticed Natasha
  1255 | D:2      | Found an iron altar of Okawaru.
  1265 | D:2      | Killed Natasha
  1419 | D:2      | Reached XP level 5. HP: 22/47 MP: 4/4
  1484 | D:2      | Noticed Natasha
  1487 | D:2      | Killed Natasha
  1760 | D:3      | Reached skill level 6 in Axes
  1777 | D:3      | Found a stormy altar of Qazlal.
  1780 | D:3      | Noticed an air elemental
  1780 | D:3      | Noticed a fire elemental
  1781 | D:3      | Noticed a water elemental
  1818 | D:3      | Reached *** piety under Trog
  1871 | D:3      | Found an ornate altar of the Wu Jian Council.
  1933 | D:3      | Reached XP level 6. HP: 48/53 MP: 5/5
  2119 | D:3      | Found a deep blue altar of Sif Muna.
  2566 | D:4      | Reached skill level 5 in Fighting
  2744 | D:4      | Reached skill level 7 in Axes
  2754 | D:4      | Found a sacrificial altar of Ru.
  2754 | D:4      | Reached **** piety under Trog
  2835 | D:5      | Entered Level 5 of the Dungeon
  2876 | D:5      | Reached XP level 7. HP: 57/61 MP: 6/6
  3001 | D:5      | Reached skill level 5 in Armour
  3004 | D:5      | Reached skill level 8 in Axes
  3005 | D:5      | Slain by a killer bee

Skill      XL: |  1  2  3  4  5  6  7 |
---------------+----------------------+-----
Axes           | 4 5 6 7 8 |  8.0
Fighting       | 4 5 |  5.6
Armour         | 3 4 5 |  5.1
Dodging        | 3 |  3.3
Stealth        | |  0.9

Action                   |  1- 3 |  4- 6 |  7- 9 || total
-------------------------+-------+-------+-------++-------
Melee: Hand axe          |   114 |   172 |    29 ||   315
       Headbutt          |    17 |    31 |     6 ||    54
Invok: Berserk           |     1 |     3 |     1 ||     5
  Use: Scroll            |     4 |     1 |       ||     5
       Potion            |       |     1 |       ||     1
 Stab: Sleeping          |     1 |       |       ||     1
       Paralysed         |       |     3 |       ||     3
  Eat: Ration            |     1 |     1 |       ||     2
       Chunk             |       |     4 |       ||     4
Armor: Animal skin       |     6 |       |       ||     6
       Scale mail        |    49 |     4 |       ||    53
       Chain mail        |       |    68 |    13 ||    81
Dodge: Dodged            |    70 |    85 |    13 ||   168
